Description

Mass Hydra with Vipers

Only the key tech / production is listed. Assumes you are making drones, overlords and queens. Should aim for 7 queens in total.

Build Order

Why is there no SALT encoding or Overwolf build?

    3:50  Roach Warren  
    3:55  Lair  
    4:30  Spore Crawler x2  
  30    Overlord  
    4:30  Spore Crawler  
    4:00  Zergling x10  
    5:05  Extractor x5  
    5:20  Evolution Chamber x2, Hatchery  
    5:25  Glial Reconstitution  
    5:56  Infestation Pit, Hydralisk Den  
    5:49  Zerg Ground Armor Level 1, Zerg Missile Weapons Level 1  
    6:20  Drone x74, Roach x6  
    6:40  Muscular Augments, Hive  
    6:55  Hydralisk x10  
    7:00  Overlord x5  
    5:00  Overseer  
    6:59  Pneumatized Carapace  
    7:20  Changeling  
    7:30  Drone x82  
    7:40  Viper x4  
    7:45  Zerg Missile Weapons Level 2  
Spawning Tool Build Advisor. Get it on Overwolf

Go to:

Details

  • Created by: megaaabeard
  • Published on: Oct 04, 2020
  • Modified on: Oct 04, 2020
  • Patch: 4.11.0
  • Difficulty: Easy
Show

Export as new Build Order

Comments (0)

There are no comments. Be the first!

Create an account to comment!